 Dungeon Crawl Stone Soup version 0.30.1-6-gbe392663c4 (webtiles) character file.

Game seed: 3797222994680246660

1075 Amplified the Insei (level 8, 0/100 HPs)
             Began as a Yellow Draconian Transmuter on Sept 21, 2023.
             Slain by a two-headed ogre
             ... wielding a +0 giant club
              (16 damage)
             ... on level 7 of the Dungeon.
             The game lasted 00:06:04 (5956 turns).

Amplified the Insei (Yellow Draconian Transmuter)   Turns: 5956, Time: 00:06:05

Health: 0/100      AC: 24    Str: 13    XL:     8   Next: 8%
Magic:  23/23      EV:  2    Int: 13    God:
Gold:   109        SH:  0    Dex: 14    Spells: 10/15 levels left

rFire   . .          .
                       - Unarmed
rCold   . . .        (no shield)
rNeg    . . .        (body armour unavailable)
rPois   +            (helmet currently unavailable)
rElec   .            w - melded scarf {rC+ rF+}
rCorr   .            d - melded +1 pair of gloves
SInv    .            (boots currently unavailable)
Will    .....        (no amulet)
Stlth   +            i - ring of willpower
HPRegen 0.36/turn    z - ring of magical power
MPRegen 0.18/turn

%: no passive effects
@: tree-form, weak-willed, attractive
A: stationary, stasis, torment immunity, boosted hp, (spit acid), AC +6,
unfitting armour, (cold-blooded), (acid resistance)
a: no special abilities


You were on level 7 of the Dungeon.
You were a tree.
You visited 1 branch of the dungeon, and saw 7 of its levels.

You collected 239 gold pieces.
You spent 130 gold pieces at shops.

Inventory:

Missiles
 u - 6 poisoned darts
Armour
 d - a +1 pair of gloves (melded)
 w - a scarf of resistance (melded)
Jewellery
 i - a ring of willpower (left branch)
 y - an amulet of guardian spirit
 z - a ring of magical power (right branch)
 C - a ring of fire
 D - a ring of see invisible
Wands
 q - a wand of flame (8)
 B - a wand of light (10)
Scrolls
 b - a scroll of silence
 e - 2 scrolls of immolation
 j - a scroll of teleportation
 k - a scroll of amnesia
 n - a scroll of enchant armour
 x - a scroll of torment {unknown}
Potions
 a - a potion of lignification
 c - 2 potions of magic
 f - a potion of flight {unknown}
 g - 2 potions of curing
 h - a potion of haste {unknown}
 l - a potion of attraction
 o - a potion of heal wounds {unknown}
 p - a potion of ambrosia {unknown}
 s - a potion of degeneration {unknown}
 v - a potion of might
 E - a potion of cancellation {unknown}


   Skills:
 * Level 4.6 Fighting
 * Level 4.1 Dodging
 * Level 5.1 Unarmed Combat
 * Level 4.2 Spellcasting
 * Level 4.6 Transmutations


You had 10 spell levels left.
You knew the following spells:

 Your Spells              Type           Power      Damage    Failure   Level
a - Beastly Appendage     Tmut           28%        N/A       3%          1
b - Wereblood             Tmut           14%        N/A       4%          2
c - Blink                 Tloc           4%         N/A       30%         2

Your spell library contained the following spells:

 Spells                   Type           Power      Damage    Failure   Level
 Shock                    Conj/Air       8%         1d3       21%         1
 Spider Form              Tmut/Pois      8%         N/A       24%         3
 Ignite Poison            Fire/Tmut/Pois 6%         N/A       32%         3
 Swiftness                Air            2%         N/A       52%         3
 Ice Form                 Ice/Tmut       8%         N/A       61%         4
 Airstrike                Air            1%         2d(1-17)  90%         4
 Manifold Assault         Tloc           2%         N/A       90%         4
 Sticky Flame             Conj/Fire      2%         2d3       90%         4
 Storm Form               Tmut/Air       4%         N/A       100%        7
 Ignition                 Fire           1%         3d3       100%        8


Dungeon Overview and Level Annotations

Branches:
Dungeon (7/15)
 Temple: D:4-7

Altars:
Vehumet
Wu Jian

Shops:
D:5 !

Annotations:
D:6 Edmund


Innate Abilities, Weirdness & Mutations

You are a tree.
Your roots penetrate the ground, keeping you stationary.
You cannot be teleported.
You are immune to unholy pain and torment.
Your maximum health is greatly increased.
Your equipment is partially melded.
((You can spit globs of acid.))
((Your golden yellow scales are hard. (AC +6)))
You cannot fit into any form of body armour.
((You are cold-blooded and may be slowed by cold attacks.))
((You are resistant to acid. (rCorr)))


Message History

It was a potion of magic.
Magic courses through your body. The two-headed ogre misses you.
The two-headed ogre hits you with a +0 giant club!!
* * * LOW HITPOINT WARNING * * *
Unknown command.
Unknown command.
Really quaff the potion of lignification?
You turn into a tree.
Your scarf of resistance melds into your body.
Your +1 pair of gloves melds into your body.
You feel hot and cold all over.
Your roots penetrate the ground.
The two-headed ogre hits you with a +0 giant club!
* * * LOW HITPOINT WARNING * * *
The two-headed ogre hits you but does no damage.
You feel better.
You feel better. The two-headed ogre barely misses you.
The two-headed ogre hits you with a +0 giant club.
* * * LOW HITPOINT WARNING * * *
You smack the two-headed ogre!
The two-headed ogre is heavily wounded.
The two-headed ogre hits you but does no damage.
The two-headed ogre hits you with a +0 giant club.
* * * LOW HITPOINT WARNING * * *
As you read the scroll labelled DAEGA XIME, it crumbles to dust.
It is a scroll of brand weapon.
You aren't carrying any weapons that can be branded.
Unknown command.
It was a potion of attraction.
You feel attractive to monsters.
The two-headed ogre hits you but does no damage.
The two-headed ogre hits you with a +0 giant club!
* * * LOW HITPOINT WARNING * * *
Unknown command.
Aiming: Bolt of Light
Press: ? - help, Shift-Dir - straight line, f/p - two-headed ogre
Aim: a two-headed ogre, wielding two +0 giant clubs (heavily wounded, blind, weak-willed, 86% to hit)
The bolt of light hits the two-headed ogre!
The two-headed ogre is severely wounded.
The two-headed ogre hits you with a +0 giant club!
You die...

...# .....#
....... ##.....
....c. #....#
#......#....#
###......#....#
#.....#....####.#
#.......##......#
#?....)###.#######
#....>O♣.<.[.....
#....####......##
###. #......# #
.....$.# .......#
..####### .# ..


You could see a two-headed ogre (blind, weak-willed).

Vanquished Creatures
  An ogre (D:4)
  3 centaurs
  2 phantoms
  3 scorpions
  3 hounds
  A jelly (D:4)
  2 iguanas
  An orc wizard (D:5)
  4 adders
  8 gnolls
  10 worms
  2 dart slugs
  6 orcs
  5 ball pythons
  3 bats
  8 endoplasms
  12 giant cockroaches
  A goblin (D:1)
  10 hobgoblins
  4 jackals (D:1)
  2 kobolds
  A quokka (D:4)
  5 frilled lizards
  3 rats
100 creatures vanquished.

Notes
Turn   | Place    | Note
-------+----------+-------------------------------------------
     0 | D:1      | Amplified the Draconian Transmuter began the quest for the
                  | Orb.
     0 | D:1      | Reached XP level 1. HP: 16/16 MP: 3/3
   169 | D:1      | Reached XP level 2. HP: 22/23 MP: 5/5
   846 | D:2      | Reached XP level 3. HP: 22/29 MP: 6/6
   855 | D:2      | Learned a level 2 spell: Wereblood
  1035 | D:2      | Reached XP level 4. HP: 36/36 MP: 7/7
  1336 | D:2      | Found a radiant altar of Vehumet.
  2847 | D:3      | Learned a level 2 spell: Blink
  2898 | D:4      | Reached XP level 5. HP: 15/42 MP: 9/9
  3023 | D:4      | Noticed an ogre
  3165 | D:4      | Found an ornate altar of the Wu Jian Council.
  3268 | D:4      | Killed an ogre
  3269 | D:4      | Reached skill level 4 in Unarmed Combat
  3269 | D:4      | Reached XP level 6. HP: 46/51 MP: 10/10
  4279 | D:5      | Entered Level 5 of the Dungeon
  4301 | D:5      | Found Hidgh's Distillery.
  4341 | D:5      | Bought a potion of curing for 39 gold pieces
  4341 | D:5      | Bought a potion of curing for 39 gold pieces
  4341 | D:5      | Bought a potion of might for 52 gold pieces
  4361 | D:5      | Your scales start taking on a golden yellow colour.
  4361 | D:5      | Reached XP level 7. HP: 20/58 MP: 8/12
  4361 | D:5      | Gained mutation: You are resistant to acid. (rCorr) [Yellow
                  | Draconian growth]
  5909 | D:6      | Noticed Edmund
  5924 | D:7      | Reached skill level 5 in Unarmed Combat
  5934 | D:7      | Reached XP level 8. HP: 42/67 MP: 14/14
  5939 | D:7      | Noticed a two-headed ogre
  5956 | D:7      | Slain by a two-headed ogre

Illustrated notes

Levels and vault maps discovered:
D:1:      dpeg_arrival_boxorama, layout_loops_ring, minmay_hexomino_c4
D:2:      layout_basic, basic_altar, minmay_misc_feat_five,
          kennysheep_generic_room_12
D:3:      minmay_roachtagon, layout_basic
D:4:      layout_cave_pods, nzn_wu_jian_contemplation, minivault_25,
          nicolae_wormholes
D:5:      layout_layer_cave, minivault_26, minivault_25, nicolae_stop_n_shop_2,
          corexii_checkpoint_a
D:6:      layout_rooms, nemelex_spade_bored_becter, gup_sewer_entry_glass,
          serial_bayou_pond_b, uniq_edmund, uniq_crazy_yiuf_cottage
D:7:      layout_basic, nicolae_overflow_crystal_walls,
          nicolae_overflow_hidden_temple, ashenzari_conservatory_becter,
          minmay_temple_entry_hall, uniq_pikel

Skill      XL: |  1  2  3  4  5  6  7 |
---------------+----------------------+-----
Dodging        | 2 3 4 |  4.1
Fighting       | 2 3 4 |  4.6
Transmutations | 3 4 |  4.6
Unarmed Combat | 4 5 |  5.1
Spellcasting   | 3 4 |  4.2

Action                     |  1- 3 |  4- 6 |  7- 9 || total
---------------------------+-------+-------+-------++-------
  Melee: Unarmed           |   105 |   290 |    90 ||   485
         Tailslap          |    17 |    45 |    15 ||    77
         Punch             |     1 |     9 |     2 ||    12
         Kick              |     1 |     7 |    19 ||    27
         Headbutt          |     1 |     2 |     8 ||    11
   Cast: Beastly Appendage |     1 |     3 |     8 ||    12
         Wereblood         |       |     4 |     7 ||    11
Ability: Breathe Acid      |       |       |     1 ||     1
  Evoke: Wand              |       |     5 |     3 ||     8
    Use: Scroll            |     2 |     4 |     6 ||    12
         Potion            |       |     3 |     5 ||     8
   Stab: Sleeping          |       |     2 |       ||     2
 Armour: Skin              |    17 |    80 |    28 ||   125
  Dodge: Dodged            |    67 |   190 |    72 ||   329
